 Dungeon Crawl Stone Soup version 0.31.0-11-ge490571c62 (webtiles) character file.

Game seed: 5033493085282949765

90726 Marvel the Executioner (level 15, -2/151 HPs)
             Began as a Hill Orc Fighter on Feb 10, 2024.
             Was the Champion of Beogh.
             Incinerated by a balrug (12 damage)
             ... with a pyre arrow
             ... on level 2 of the Abyss.
             The game lasted 01:58:40 (19605 turns).

Marvel the Executioner (Hill Orc Fighter)          Turns: 19605, Time: 01:58:41

Health: -2/151     AC: 16    Str: 27    XL:     15   Next: 68%
Magic:  15/15      EV: 10    Int:  8    God:    Beogh [******]
Gold:   2979       SH: 11    Dex:  8    Spells: 14/14 levels left

rFire   . . .        a - +2 war axe (elec)
rCold   . . .        Z - +0 kite shield {rPois}
rNeg    . . .        d - +0 steam dragon scales
rPois   +            q - +0 helmet
rElec   .            X - scarf {shadows}
rCorr   .            p - +2 pair of gloves
SInv    +            P - +0 pair of boots
Will    +....        s - amulet of regeneration
Stlth   +            D - ring "Puch" {Slay+2 SInv Stlth+}
HPRegen 2.05/turn    x - +4 ring of protection
MPRegen 0.14/turn

%: clarity
@: on fire, hasted, glowing, very quick
A: walk on water, clarity, clumsy 1, regeneration 1, wild magic 1
a: Renounce Religion, Smiting, Recall Orcish Followers, Give Item to Named
Follower, Resurrection


You were on level 2 of the Abyss.
You worshipped Beogh.
Beogh was exalted by your worship.
You visited 3 branches of the dungeon, and saw 21 of its levels.
You visited the Abyss 1 time.
You also visited: Bailey.

You collected 3007 gold pieces.
You spent 28 gold pieces at shops.

Inventory:

Hand Weapons
 a - a +2 war axe of electrocution (weapon)
 B - the +9 dagger of Jeasik {pain, rPois Int+3 Stlth-}
   (You found it on level 6 of the Dungeon)

   Int+3:     It affects your intelligence (+3).
   rPois:     It protects you from poison Stlth-: It makes you less stealthy.
 C - a +3 scimitar of flaming
Missiles
 g - 4 javelins
 E - 9 boomerangs (quivered)
 L - 45 poisoned darts
 W - 10 curare-tipped darts
Armour
 d - +0 steam dragon scales (worn)
 p - a +2 pair of gloves (worn)
 q - a +0 helmet (worn)
 P - a +0 pair of boots (worn)
 X - a scarf of shadows (worn)
 Z - a +0 kite shield of poison resistance (worn)
Jewellery
 k - a ring of fire
 o - a ring of protection from cold
 s - an amulet of regeneration (around neck)
 x - a +4 ring of protection (right hand)
 z - an amulet of the acrobat
 D - the ring "Puch" (left hand) {Slay+2 SInv Stlth+}
   (You found it on level 9 of the Dungeon)

   [ring of see invisible]

   Slay+2:    It affects your accuracy & damage with ranged weapons and melee
   (+2).
   SInv:      It lets you see invisible.
   Stlth+:    It makes you more stealthy.
 R - a ring of protection from fire
 V - an amulet of reflection
Wands
 u - a wand of iceblast (28)
 F - a wand of polymorph (4)
 N - a wand of flame (22)
 Q - a wand of paralysis (22)
 Y - a wand of mindburst (13)
Scrolls
 e - a scroll of blinking
 f - 11 scrolls of identify
 m - 5 scrolls of revelation
 t - 5 scrolls of vulnerability
 w - 5 scrolls of teleportation
 y - a scroll of torment
 J - 4 scrolls of fog
 M - a scroll of butterflies
 O - 4 scrolls of amnesia
 S - 2 scrolls of immolation
 T - a scroll of poison
 U - 3 scrolls of noise
Potions
 c - 5 potions of might
 h - 10 potions of curing
 i - 4 potions of magic
 j - 4 potions of berserk rage
 l - 2 potions of cancellation
 v - 5 potions of lignification
 G - 5 potions of attraction
 H - 3 potions of enlightenment
 I - 3 potions of brilliance
 K - 3 potions of mutation
Miscellaneous
 r - a tin of tremorstones (2/2)


   Skills:
 + Level 18.9 Fighting
 - Level 3.1(3.2) Short Blades
 - Level 1.0(2.3) Long Blades
 + Level 22.1 Axes
 - Level 1.0 Ranged Weapons
 - Level 1.0 Throwing
 + Level 7.1 Armour
 - Level 13.9 Shields
 - Level 1.0 Invocations


You had 14 spell levels left.
You didn't know any spells.
Your spell library contained the following spells:

 Spells                   Type           Power      Damage    Failure   Level
 Apportation              Tloc           0%         N/A       63%         1
 Kiss of Death            Conj/Necr      0%         2d5       63%         1
 Necrotise                Necr           0%         1d4       63%         1
 Slow                     Hex            0%         N/A       63%         1
 Sting                    Conj/Alch      0%         1d3       63%         1
 Summon Small Mammal      Summ           0%         N/A       63%         1
 Blink                    Tloc           0%         N/A       75%         2
 Call Imp                 Summ           0%         N/A       75%         2
 Cigotuvi's Dreadful Rot  Necr/Alch/Air  0%         N/A       75%         2
 Jinxbite                 Hex            0%         N/A       75%         2
 Lesser Beckoning         Tloc           0%         N/A       75%         2
 Momentum Strike          Conj/Tloc      0%         3d8       75%         2
 Scorch                   Fire           0%         2d5       75%         2
 Sublimation of Blood     Necr           0%         N/A       75%         2
 Confusing Touch          Hex            0%         N/A       92%         3
 Sigil of Binding         Hex            0%         N/A       92%         3
 Summon Ice Beast         Ice/Summ       0%         N/A       92%         3
 Vampiric Draining        Necr           0%         2d6       92%         3
 Cause Fear               Hex            0%         N/A       100%        4
 Dispel Undead            Necr           0%         3d6       100%        4
 Flame Wave               Conj/Fire      0%         2d4       100%        4
 Martyr's Knell           Necr/Summ      0%         N/A       100%        4
 Curse of Agony           Necr           0%         N/A       100%        5
 Fireball                 Conj/Fire      0%         3d3       100%        5
 Summon Mana Viper        Hex/Summ       0%         N/A       100%        5
 Yara's Violent Unravell  Hex/Alch       0%         3d3       100%        5
 Death Channel            Necr           0%         N/A       100%        6
 Summon Cactus Giant      Summ           0%         N/A       100%        6
 Enfeeble                 Hex            0%         N/A       100%        7
 Haunt                    Necr/Summ      0%         N/A       100%        7
 Monstrous Menagerie      Summ           0%         N/A       100%        7
 Summon Hydra             Summ           0%         N/A       100%        7
 Borgnjor's Revivificati  Necr           0%         N/A       100%        8
 Death's Door             Necr           0%         N/A       100%        9
 Dragon's Call            Summ           0%         N/A       100%        9


Dungeon Overview and Level Annotations

Branches:
Dungeon (14/15)            Temple (0/1) D:4            Lair (5/5) D:11
  Swamp (2/4) Lair:3       Spider (0/4) Lair:2        Slime (0/5) Lair:4
    Orc (0/2) D:10         Vaults (0/5) D:14         Bailey (visited)

Altars:
Ashenzari
Cheibriados
Gozag
Kikubaaqudgha
Makhleb
Nemelex Xobeh
Qazlal
Sif Muna
Uskayaw
Vehumet
Wu Jian
Xom
Yredelemnul
Zin
The Shining One

Shops:
D:1 ?   D:8 (

Annotations:
D:14 3 runed translucent doors, Ijustatesigmund's ghost, journeyman GrEE
Swamp:2 Louise


Innate Abilities, Weirdness & Mutations

You can walk on water.
You possess an exceptional clarity of mind.
You are clumsy. (Dex -2)
Your natural rate of healing is unusually fast.
Your spells are a little harder to cast, but a little more powerful.


Message History

The balrug attacks as it pursues you!
The balrug hits you with a +0 demon whip.
You are engulfed in flames!!
A smoke demon comes into view.
You feel yourself speed up. The balrug barely misses you.
The balrug attacks as it pursues you! You block the balrug's attack.
A small abomination comes into view.
The smoke demon gestures at you.
The ball of steam hits the balrug.
The balrug resists.
The ball of steam hits you! You resist.
You hit the small abomination.
The small abomination is moderately damaged.
You barely miss the balrug.
The balrug hits you with a +0 demon whip.
You are engulfed in flames!
* * * LOW HITPOINT WARNING * * *
You hit the small abomination but do no damage.
The small abomination is moderately damaged.
You hit the balrug.
The small abomination is engulfed in a cloud of scalding steam.
The small abomination closely misses you.
The lurking horror is engulfed in a cloud of scalding steam.
Your body is wracked with pain!
* * * LOW HITPOINT WARNING * * *
You slash the small abomination!
You destroy the small abomination!
Beogh accepts your kill.
You closely miss the balrug. The balrug gestures at you.
The pyre arrow hits you.
You are covered in intense liquid fire!
The small abomination is engulfed in a cloud of scalding steam.
You shake off some of the fire as you move.
The liquid fire burns you!
* * * LOW HITPOINT WARNING * * *
The balrug attacks as it pursues you! The balrug hits you but does no damage.
The small abomination is engulfed in a cloud of scalding steam.
You shake off some of the fire as you move.
The liquid fire burns you!
You die...

## +. . .###
... ..# #...
...#.#.#
#..##.##.# ..#
#....# ...... .
#@## .... .#
#.#.## #.# ....
####2x.§.##...#
#.#3§.#...#
##.#..#
##...#.#
#..#.#.###
.....#..#.##
#... .#..#.#


You could see a balrug, a smoke demon and a small abomination.

Vanquished Creatures
  A tengu reaver (D:13)
  Nessos (Lair:5)
  A vault guard (D:14)
  2 hydras
  An alligator (Swamp:1)
  An ice dragon (Lair:5)
  A centaur warrior (D:13)
  A catoblepas (Lair:5)
  Erica (D:9)
  4 tengu warriors
  2 boulder beetles
  3 two-headed ogres (D:9)
  A death yak (Lair:5)
  A spriggan (Swamp:1)
  A spriggan druid (Swamp:1)
  An arcanist (D:14)
  A swamp dragon (Lair:5)
  2 deep elf pyromancers (D:12)
  A deep elf zephyrmancer (D:13)
  7 ugly things
  2 cyclopes (D:13)
  A necromancer (D:14)
  3 manticores
  An oklob plant (Lair:1)
  5 black mambas
  Joseph (D:9)
  3 elephants
  A gargoyle (D:12)
  4 cane toads
  Maggie (D:5)
  Jeremiah (D:8)
  3 torpor snails
  3 rime drakes (Lair:5)
  3 kobold demonologists (D:13)
  5 komodo dragons
  Psyche (D:8)
  A polar bear (D:11)
  2 hornets (Swamp:1)
  A tyrant leech (Swamp:1)
  4 blink frogs
  3 dream sheep (Lair:5)
  9 slime creatures
  A culicivora (Lair:2)
  2 small abominations (Abyss:2)
  A centaur simulacrum (D:11)
  3 wyverns
  A water elemental (D:11)
  7 wraiths
  A shadow (D:13)
  49 yaks
  7 humans (D:14)
  A vampire (D:11)
  4 basilisks
  2 steam dragons
  6 vampire mosquitoes
  A swamp worm (Swamp:2)
  An acid dragon (Lair:5)
  Duvessa (D:5)
  5 water moccasins
  An ice beast (D:11)
  A sky beast (D:7)
  8 orc warriors
  A laughing skull (D:14)
  3 black bears
  2 ogres (D:5)
  3 wolves
  5 centaurs
  2 phantoms (D:6)
  3 kobold brigands (D:13)
  A necrophage (D:6)
  2 bullfrogs
  2 gnoll sergeants
  4 scorpions
  3 wights (D:7)
  15 killer bees
  A water moccasin skeleton (D:6)
  Dowan (D:5)
  2 electric eels (D:11)
  2 howler monkeys
  3 bombardier beetles
  A spectral bullfrog (D:6)
  3 orc priests
  5 jellies
  4 hounds
  2 sleepcaps
  Terence (D:3)
  3 iguanas
  10 orc wizards
  A hell rat (Lair:5)
  A killer bee simulacrum (D:6)
  Robin (D:3)
  12 gnolls
  8 adders
  A shadow imp (D:7)
  3 white imps
  A howler monkey simulacrum (D:11)
  2 ufetubi (D:11)
  2 dart slugs
  2 ribbon worms
  42 orcs
  5 bats
  3 endoplasms (D:4)
  3 giant cockroaches
  19 goblins
  11 hobgoblins
  3 jackals (D:4)
  3 quokkas (D:2)
  9 ball pythons
  5 frilled lizards
  5 kobolds
  6 rats
427 creatures vanquished.

Vanquished Creatures (collateral kills)
  Rupert (D:14)
  Josephine (D:12)
  The ghost of Yqoodd the Thaumaturge, a journeyman GnWr of Kikubaaqudgha (D:13)
  A vault guard (D:14)
  6 hydras
  2 alligators (Swamp:1)
  4 centaur warriors (D:14)
  A two-headed ogre (D:12)
  A tengu warrior (D:13)
  6 death yaks
  2 goliath frogs (Swamp:1)
  A spriggan druid (Swamp:2)
  A bog body (Swamp:1)
  An arcanist (D:14)
  3 necromancers (D:14)
  2 manticores
  8 ugly things
  A deep elf pyromancer (D:13)
  3 cyclopes
  4 elephants (Lair:3)
  3 black mambas
  2 cane toads
  A torpor snail (Lair:5)
  5 rime drakes
  5 komodo dragons
  3 kobold demonologists
  A tengu conjurer (D:14)
  6 hornets
  5 trolls
  A polar bear (Lair:3)
  2 tyrant leeches (Swamp:1)
  16 blink frogs
  7 slime creatures
  3 centaur simulacra
  4 culicivoras (Lair:2)
  29 yaks
  2 wraiths
  8 spriggans
  3 wyverns
  11 humans (D:14)
  3 swamp worms
  4 vampire mosquitoes
  2 acid dragons
  5 water moccasins
  An ice beast (D:11)
  2 swamp drakes (Swamp:1)
  A laughing skull (D:14)
  4 wolves
  A centaur (D:10)
  5 kobold brigands (D:13)
  6 bullfrogs
  A gnoll sergeant (D:10)
  A scorpion (Lair:1)
  3 howler monkeys
  A jelly (Lair:4)
  3 orc wizards
  An ufetubus (D:11)
  An orc (D:13)
  A butterfly (Lair:1)
213 creatures vanquished.

Vanquished Creatures (others)
  2 orc sorcerers
  2 orc warriors
  A bloated husk (Swamp:1)
  An orc priest (D:10)
  A centaur skeleton (D:6)
  3 orc wizards (D:10)
  10 orcs
  A lurking horror (Abyss:2)
21 creatures vanquished.

Grand Total: 661 creatures vanquished

Notes
Turn   | Place    | Note
-------+----------+-------------------------------------------
     0 | D:1      | Marvel the Hill Orc Fighter began the quest for the Orb.
     0 | D:1      | Reached XP level 1. HP: 19/19 MP: 1/1
   323 | D:1      | Found Wysh's Magic Scroll Shoppe.
   326 | D:1      | Bought a scroll of identify for 28 gold pieces
   480 | D:1      | Reached XP level 2. HP: 27/27 MP: 2/2
   707 | D:1      | Reached skill level 3 in Axes
  1148 | D:2      | Reached XP level 3. HP: 32/33 MP: 3/3
  1178 | D:2      | Reached skill level 4 in Axes
  1225 | D:2      | Reached XP level 4. HP: 40/40 MP: 4/4
  1362 | D:2      | Reached skill level 5 in Axes
  1987 | D:3      | Reached XP level 5. HP: 46/46 MP: 5/5
  2142 | D:3      | Noticed Robin
  2165 | D:3      | Killed Robin
  2246 | D:3      | Reached skill level 6 in Axes
  2309 | D:3      | Reached XP level 6. HP: 53/53 MP: 6/6
  2520 | D:3      | Noticed Terence
  2531 | D:3      | Killed Terence
  2964 | D:4      | Became a worshipper of Beogh the Brigand
  3358 | D:4      | Found a hide-covered altar of Uskayaw.
  3385 | D:4      | Found a staircase to the Ecumenical Temple.
  3966 | D:4      | Reached skill level 7 in Axes
  4080 | D:5      | Entered Level 5 of the Dungeon
  4251 | D:5      | Reached XP level 7. HP: 51/60 MP: 7/7
  4382 | D:5      | Reached skill level 5 in Fighting
  4433 | D:5      | Reached skill level 8 in Axes
  4730 | D:5      | Reached skill level 1 in Ranged Weapons
  4761 | D:5      | Found a basalt altar of Yredelemnul.
  4846 | D:5      | Found a glowing golden altar of the Shining One.
  4848 | D:5      | Noticed an angel
  4908 | D:6      | Noticed a wraith
  4947 | D:6      | Killed a wraith
  4947 | D:6      | Reached * piety under Beogh
  4948 | D:6      | Reached skill level 9 in Axes
  4948 | D:6      | Reached skill level 5 in Armour
  4948 | D:6      | Reached XP level 8. HP: 29/69 MP: 8/8
  5210 | D:6      | Reached skill level 1 in Throwing
  5221 | D:6      | Reached skill level 5 in Shields
  5281 | D:6      | Found a burning altar of Makhleb.
  5305 | D:6      | Found a stormy altar of Qazlal.
  5322 | D:6      | Found a radiant altar of Vehumet.
  5454 | D:6      | Reached skill level 10 in Axes
  5467 | D:6      | Identified the +9 dagger of Jeasik {pain, rPois Int+3
                  | Stlth-}
  5872 | D:6      | Noticed Maggie
  5909 | D:5      | Gained mutation: You are clumsy. (Dex -2) [potion of
                  | mutation]
  5909 | D:5      | Gained mutation: Your spells are a little harder to cast,
                  | but a little more powerful. [potion of mutation]
  5909 | D:5      | Gained mutation: Your natural rate of healing is unusually
                  | fast. [potion of mutation]
  5909 | D:5      | Gained mutation: You possess an exceptional clarity of
                  | mind. [potion of mutation]
  6029 | D:6      | Noticed Duvessa
  6037 | D:6      | Noticed Dowan
  6055 | D:5      | Killed Dowan
  6056 | D:5      | Reached XP level 9. HP: 59/75 MP: 9/9
  6063 | D:5      | Killed Maggie
  6064 | D:5      | Reached skill level 1 in Short Blades
  6089 | D:5      | Killed Duvessa
  6529 | D:7      | Reached skill level 11 in Axes
  6537 | D:7      | Reached ** piety under Beogh
  6573 | D:7      | Found a flagged portal.
  6579 | Bailey   | Entered a bailey
  6799 | Bailey   | Noticed an orc knight
  6902 | D:7      | Reached skill level 12 in Axes
  6930 | D:7      | Reached XP level 10. HP: 70/88 MP: 10/10
  7406 | D:7      | Reached *** piety under Beogh
  7671 | D:8      | Noticed Psyche
  7687 | D:8      | Killed Psyche
  7728 | D:8      | Noticed Jeremiah
  7793 | D:8      | Killed Jeremiah
  7794 | D:8      | Reached skill level 13 in Axes
  8280 | D:8      | Found a faded altar of an unknown god.
  8280 | D:8      | Found a shimmering altar of Xom.
  8287 | D:8      | Found an ornate altar of the Wu Jian Council.
  8289 | D:8      | Found a sparkling altar of Nemelex Xobeh.
  8291 | D:8      | Found an opulent altar of Gozag.
  8575 | D:8      | Found Buolu Vebaot's Weapon Shop.
  8782 | D:9      | Noticed Erica
  8789 | D:9      | Killed Erica
  8790 | D:9      | Reached skill level 14 in Axes
  8790 | D:9      | Reached XP level 11. HP: 46/97 MP: 11/11
  9000 | D:9      | Identified the ring "Puch" {Slay+2 SInv Stlth+}
  9019 | D:9      | Noticed a two-headed ogre
  9026 | D:9      | Killed a two-headed ogre
  9070 | D:9      | Noticed a tengu warrior
  9070 | D:9      | Noticed a five-headed hydra
  9135 | D:9      | Killed a one-headed hydra
  9136 | D:9      | Reached skill level 10 in Fighting
  9136 | D:9      | Reached skill level 15 in Axes
  9207 | D:9      | Noticed a two-headed ogre
  9227 | D:9      | Killed a two-headed ogre
  9291 | D:9      | Noticed a two-headed ogre
  9302 | D:9      | Killed a two-headed ogre
  9437 | D:9      | Found a glowing silver altar of Zin.
  9437 | D:9      | Noticed an angel
  9481 | D:9      | Noticed Joseph
  9489 | D:9      | Killed Joseph
  9587 | D:9      | Reached **** piety under Beogh
  9696 | D:9      | Killed a tengu warrior
  9697 | D:9      | Reached skill level 16 in Axes
  9985 | D:10     | Entered Level 10 of the Dungeon
 10000 | D:10     | Found a staircase to the Orcish Mines.
 10117 | D:10     | Reached skill level 10 in Shields
 10277 | D:10     | Found a shimmering blue altar of Sif Muna.
 10278 | D:10     | Found a broken altar of Ashenzari.
 10329 | D:10     | Reached XP level 12. HP: 110/110 MP: 12/12
 10904 | D:11     | Gained Bogwald as an ally
 11096 | D:11     | Reached skill level 17 in Axes
 11151 | D:11     | Reached ***** piety under Beogh
 11418 | D:11     | Found a staircase to the Lair.
 11548 | D:11     | Reached skill level 1 in Invocations
 11882 | D:12     | Noticed Josephine
 11898 | D:12     | Killed Josephine
 11953 | D:12     | Noticed a two-headed ogre
 11959 | D:12     | Killed a two-headed ogre
 12275 | D:12     | Reached XP level 13. HP: 122/122 MP: 13/13
 12630 | D:13     | Reached skill level 18 in Axes
 12975 | D:13     | Noticed a tengu reaver
 12987 | D:13     | Killed a tengu reaver
 13203 | D:13     | Found a runed translucent gate.
 13208 | D:13     | Found a runed translucent gate.
 13208 | D:13     | Noticed Yqoodd's ghost (journeyman GnWr)
 13209 | D:13     | Found a runed translucent gate.
 13308 | D:13     | Killed Yqoodd's ghost
 13312 | D:13     | Gained Urtork as an ally
 13744 | D:14     | Noticed Rupert
 13753 | D:14     | Killed Rupert
 13820 | D:14     | Reached ****** piety under Beogh
 13821 | D:14     | Gained Herok as an ally
 13851 | D:14     | Reached skill level 19 in Axes
 13852 | D:14     | Reached skill level 15 in Fighting
 13852 | D:14     | Reached XP level 14. HP: 65/135 MP: 14/14
 13888 | D:14     | Found a gate to the Vaults.
 13972 | D:14     | Reached skill level 1 in Long Blades
 14095 | D:14     | Found a runed translucent gate.
 14095 | D:14     | Found a runed translucent gate.
 14095 | D:14     | Found an ancient bone altar of Kikubaaqudgha.
 14095 | D:14     | Found a runed translucent gate.
 14095 | D:14     | Noticed a lich
 14095 | D:14     | Noticed Ijustatesigmund's ghost (journeyman GrEE)
 14095 | D:14     | Noticed a lich
 14095 | D:14     | Noticed a lich
 14097 | D:14     | Noticed a lich
 14742 | Lair:1   | Entered Level 1 of the Lair of Beasts
 15163 | Lair:1   | Reached skill level 20 in Axes
 16234 | Lair:2   | Found a hole to the Spider Nest.
 16421 | Lair:3   | Gained Arkwar as an ally
 16512 | Lair:3   | Found a staircase to the Swamp.
 16605 | Lair:3   | Found a snail-covered altar of Cheibriados.
 17581 | Lair:4   | Found a staircase to the Slime Pits.
 17596 | Lair:4   | Reached XP level 15. HP: 120/147 MP: 15/15
 17682 | Lair:4   | Reached skill level 21 in Axes
 17940 | Lair:5   | Entered Level 5 of the Lair of Beasts
 18060 | Lair:5   | Noticed Urug
 18261 | Lair:5   | Noticed Nessos
 18269 | Lair:5   | Killed Nessos
 18508 | Lair:5   | Got an earthy gem with 20 turns to spare
 18696 | Swamp:1  | Entered Level 1 of the Swamp
 19195 | Swamp:1  | Reached skill level 22 in Axes
 19400 | Swamp:2  | Noticed Louise
 19413 | Abyss:2  | Cast into level 2 of the Abyss (Louise)
 19428 | Abyss:2  | Noticed a bone dragon
 19437 | Abyss:2  | Found a corrupted altar of Lugonu.
 19456 | Abyss:2  | HP: 6/151 [bone dragon (19)]
 19456 | Abyss:2  | HP: 1/151 [bone dragon (5)]
 19532 | Abyss:2  | Noticed a tentacled starspawn
 19582 | Abyss:2  | Noticed a balrug
 19605 | Abyss:2  | Incinerated by a balrug

Illustrated notes

Levels and vault maps discovered:
D:1:      lightli_arrival_statuegarden, layout_loops_corners, serial_shops,
          nicolae_shop_rolled_up
D:2:      layout_basic, chequers_serial_rivers_large_a, minmay_circle_x
D:3:      layout_loops_cross, guppyfry_early_orc_mine, uniq_robin, uniq_terence
D:4:      layout_basic, nicolae_uskayaw_murder_on_the_dancefloor,
          minmay_temple_entry_statues, minmay_misc_feat_five
D:5:      layout_rooms, grunt_temple_overflow_holy_war
D:6:      layout_rooms, grunt_qazlal_clouds, mainiacjoe_overflow_alcove_4,
          vehumet_crystals, dilly_guarded_unrand_morg, uniq_duvessa, uniq_maggie
D:7:      layout_basic, enter_bailey_3, minmay_crystal_room
D:8:      layout_basic, chequers_temple_overflow_minitemple, serial_shops,
          nicolae_shop_crystal, hex_tiny, uniq_jeremiah, uniq_psyche
D:9:      minmay_chambers_of_sevens, layout_loops_ring, zin_angel, uniq_erica,
          uniq_joseph
D:10:     layout_loops_ring, mainiacjoe_overflow_divided_tiny, orc_0_dummy,
          minmay_joined_circles
D:11:     layout_long_grid, david_lair_shrubbed, serial_ice, serial_ice_g,
          serial_ice_m, serial_ice_j, serial_ice_d, serial_ice_b, serial_ice_n,
          serial_ice_f, serial_ice_e, nicolae_the_louvre
D:12:     nicolae_cairo_tiling_very_big, layout_basic, uniq_josephine
D:13:     hourglass_vault, layout_rooms, gammafunk_ghost_nasty_kobolds
D:14:     layout_gridville, grunt_vaults_entry_tiered, serial_bayou_pond_b,
          gammafunk_ghost_crypt, roderic_lattice_a, uniq_rupert
Lair:1:   layout_hall_layers, st_stairs_6, dpeg_stationary_puzzle,
          lemuel_fruit_fields
Lair:2:   layout_chaotic_city, hellmonk_spider_entry_life_and_decay,
          serial_bayou_shore_b
Lair:3:   layout_cave_shapes, swamp_mist, kennysheep_snail_temple
Lair:4:   layout_cave_pods, nicolae_slime_entry_field_trip
Lair:5:   hangedman_lair_in_review, layout_cave_pods, guppyfry_lair_end_dragon,
          disabler_island, uniq_nessos, uniq_urug
Swamp:1:  layout_falls_marsh, hangedman_swamp_ruin_wall, st_swamp_ruins_1
Swamp:2:  layout_basic_swamp, evilmike_swamp_ruin_house_3, uniq_louise
Abyss:2:  base: Temple, evilmike_abyss_exit_13, due_exit_kobolds, minivault_19,
          minivault_19, hangedman_abyss_or_decor_clamps, evilmike_abyss_exit_10

Skill      XL: |  1  2  3  4  5  6  7  8  9 10 11 12 13 14 15 |
---------------+----------------------------------------------+-----
Fighting       | 4 5 6 7 9 11 13 15 17 18 | 18.9
Axes           | 3 4 5 6 7 9 10 12 14 16 17 19 20 22 | 22.1
Armour         | 4 5 6 7 |  7.1
Shields        | 4 5 6 8 10 12 13 | 13.9
Ranged Weapons | 1 |  1.0
Throwing       | 1 |  1.0
Short Blades   | 1 2 3 |  3.1
Invocations    | 1 |  1.0
Long Blades    | 1 |  1.0

Action                     |  1- 3 |  4- 6 |  7- 9 | 10-12 | 13-15 || total
---------------------------+-------+-------+-------+-------+-------++-------
  Melee: War axe           |    67 |   221 |   239 |   539 |   502 ||  1568
         Dagger            |       |       |   101 |    39 |       ||   140
         Scimitar          |       |       |       |     6 |    16 ||    22
   Fire: Sling             |       |     7 |     8 |       |       ||    15
  Throw: Stone             |     1 |    10 |    38 |       |       ||    49
         Boomerang         |       |    17 |       |    10 |     1 ||    28
 Invoke: Convert to Beogh  |       |     1 |       |       |       ||     1
         Recall Orcish Fol |       |       |       |     1 |     8 ||     9
         Give Item to Name |       |       |       |     1 |     3 ||     4
    Use: Scroll            |     1 |     7 |     6 |     5 |     7 ||    26
         Potion            |       |     3 |     9 |     2 |     7 ||    21
   Stab: Sleeping          |       |       |       |     4 |       ||     4
         Distracted        |       |       |       |     3 |     7 ||    10
 Armour: Scale mail        |    35 |   121 |   130 |       |       ||   286
         Skin              |       |    19 |       |       |       ||    19
         Steam dragon scal |       |       |   134 |   330 |   413 ||   877
  Dodge: Dodged            |    25 |    76 |   145 |   173 |   152 ||   571
  Block: Buckler           |    13 |       |       |       |       ||    13
         Kite shield       |       |    93 |   159 |   237 |   313 ||   802
